 Dungeon Crawl Stone Soup version 0.31-a0-83-gbff143cfd1 (webtiles) character file.

Game seed: 15820222819356953243

58 garrulousMonolith the Covered (level 4, 0/28 HPs)
             Began as a Gargoyle Fighter on May 25, 2023.
             Blown up by Ijyb (12 damage)
             ... with a mindburst bolt
             ... on level 3 of the Dungeon.
             The game lasted 00:01:50 (1706 turns).

garrulousMonolith the Covered (Gargoyle Fighter)    Turns: 1706, Time: 00:01:51

Health: 0/28       AC: 12    Str: 21    XL:     4   Next: 2%
Magic:  4/4        EV:  7    Int:  9    God:
Gold:   174        SH:  4    Dex:  9    Spells: 3/3 levels left

rFire   . . .        a - +0 flail
rCold   . . .        c - +0 buckler
rNeg    + . .        i - +0 chain mail
rPois   ∞            (no helmet)
rElec   +            (no cloak)
rCorr   .            (no gloves)
SInv    .            (no boots)
Will    .....        h - amulet of regeneration Stlth
                     (no ring)
HPRegen 1.04/turn    (no ring)
MPRegen 0.09/turn

%: no passive effects
@: no status effects
A: sickness immunity, AC +3, negative energy resistance 1, electricity
resistance, torment resistance 1, petrification resistance
a: no special abilities


You were on level 3 of the Dungeon.
You visited 1 branch of the dungeon, and saw 3 of its levels.

You collected 174 gold pieces.

Inventory:

Hand Weapons
 a - a +0 flail (weapon)
Armour
 b - a +0 scale mail
 c - a +0 buckler (worn)
 i - a +0 chain mail (worn)
Jewellery
 h - an amulet of regeneration (around neck)
Scrolls
 e - 2 scrolls of identify
 g - 2 scrolls of immolation
 j - a scroll of summoning
 k - a scroll of teleportation {unknown}
Potions
 d - 2 potions of might
 f - a potion of enlightenment
 l - 2 potions of resistance
 m - a potion of haste


   Skills:
 + Level 3.6 Fighting
 * Level 3.0 Maces & Flails
 + Level 3.6 Armour
 + Level 3.5 Shields
 + Level 1.2 Invocations


You had 3 spell levels left.
You didn't know any spells.
Your spell library contained the following spells:

 Spells                   Type           Power      Damage    Failure   Level
 Iskenderun's Battlesphe  Conj           0%         2d6       100%        5
 Iron Shot                Conj/Erth      0%         9d1       100%        6
 Spellforged Servitor     Conj/Summ      0%         N/A       100%        7


Dungeon Overview and Level Annotations

Branches:
Dungeon (3/15)

Altars:

Annotations:
D:3 Ijyb


Innate Abilities, Weirdness & Mutations

You are immune to sickness and miasma.
Your stone body is resilient. (AC +3)
You are immune to poison.
You resist negative energy. (rN+)
You are resistant to electric shocks. (rElec)
You are resistant to unholy torment.
You are immune to petrification.


Message History

You are too injured to fight recklessly!
You are too injured to fight recklessly!
You are too injured to fight recklessly!
You are too injured to fight recklessly!
You are too injured to fight recklessly!
You are too injured to fight recklessly!
You start resting.
Ijyb is nearby!
Okay, then.
You closely miss Ijyb. You block Ijyb's attack.
You hit Ijyb.
Ijyb is lightly wounded.
Ijyb zaps a wand.
You barely resist. Ijyb hits you but does no damage.
You completely miss Ijyb.
Ijyb is lightly wounded.
Ijyb hits you with a +5 club.
You hit Ijyb but do no damage.
Ijyb is lightly wounded.
Ijyb hits you but does no damage.
You hit Ijyb but do no damage.
Ijyb is lightly wounded.
Ijyb hits you with a +5 club. Ijyb closely misses you.
You closely miss Ijyb.
Ijyb is lightly wounded.
You block Ijyb's attack.
You hit Ijyb.
Ijyb is lightly wounded.
Ijyb hits you but does no damage.
You barely miss Ijyb.
Ijyb is lightly wounded.
Ijyb zaps a wand.
Your mind is blasted!
Ouch! That really hurt!
You block Ijyb's attack.
You hit Ijyb.
Ijyb is moderately wounded.
Ijyb hits you with a +5 club.
You hit Ijyb.
Ijyb is heavily wounded.
Ijyb zaps a wand.
Your mind is blasted!
You die...

# #. #. #. #. ..
####. .### . ...$..
#.. .#
......##.###.#
.............#
...........####...#
......##g#.# ...#
..... #@.#.# ...
..g. #.##.## ...
... #.##..####.# ..
..###...##.# . .###
###.##.# )
#.....####### #
#............
###.>..######
#.........#


You could see Ijyb.

Vanquished Creatures
  An adder (D:3)
  A worm (D:3)
  2 dart slugs
  2 orcs (D:3)
  8 ball pythons
  A bat (D:1)
  5 endoplasms
  A goblin (D:1)
  5 hobgoblins
  3 kobolds (D:1)
  A quokka (D:1)
  4 frilled lizards (D:1)
  5 rats
39 creatures vanquished.

Notes
Turn   | Place    | Note
-------+----------+-------------------------------------------
     0 | D:1      | garrulousMonolith the Gargoyle Fighter began the quest for
                  | the Orb.
     0 | D:1      | Reached XP level 1. HP: 14/14 MP: 1/1
   120 | D:1      | Reached XP level 2. HP: 19/19 MP: 2/2
   411 | D:1      | Found a faded altar of an unknown god.
   454 | D:1      | Reached XP level 3. HP: 23/23 MP: 3/3
  1539 | D:3      | Reached skill level 1 in Invocations
  1664 | D:3      | Reached XP level 4. HP: 27/28 MP: 4/4
  1689 | D:3      | Noticed Ijyb
  1706 | D:3      | Blown up by Ijyb

Illustrated notes

Levels and vault maps discovered:
D:1:      minmay_arrival_solitary_statue, layout_rooms,
          ebering_ecumenical_altar_mist, hangedman_glass_teeth,
          hangedman_abyss_or_decor_stabs, st_stairs_4, minmay_split_cup_small
D:2:      layout_loops_corners
D:3:      layout_rooms, uniq_ijyb

Skill      XL: |  1  2  3 |
---------------+----------+-----
Invocations    | 1 |  1.2
Maces & Flails | 3 |  3.0
Fighting       | |  3.6
Armour         | |  3.6
Shields        | |  3.5

Action                     |  1- 3 |  4- 6 || total
---------------------------+-------+-------++-------
  Melee: Flail             |   128 |    10 ||   138
    Use: Scroll            |     5 |       ||     5
 Armour: Scale mail        |    18 |       ||    18
         Chain mail        |    76 |     3 ||    79
  Dodge: Dodged            |    73 |     1 ||    74
  Block: Buckler           |    29 |     3 ||    32

Table legend: (Time is in decaauts)
 A = Elapsed time spent in this place.
 B = Non-inter-level travel time spent in this place.
 C = Inter-level travel time spent in this place.
 D = Time resting spent in this place.
 E = Time spent auto-exploring this place.
 F = Levels seen in this place.
 G = Mean time per level.
                   A        B        C        D        E       F      G
               +--------+--------+--------+--------+--------+-----+--------+
         Total |   1746 |   1700 |     46 |     85 |   1265 |   3 |  582.0 |
       Dungeon |   1746 |   1700 |     46 |     85 |   1265 |   3 |  582.0 |
               +--------+--------+--------+--------+--------+-----+--------+

Top non-repeatable levels by time:
     D:2: 849 daAuts
     D:1: 673 daAuts
     D:3: 223 daAuts
